 Dungeon Sprint DCSS version 0.17-a0-1625-g47e540b (webtiles) character file.

121 Kidiri the Covert (level 4, -2/21 HPs)
             Began as a Spriggan Enchanter on Aug 2, 2015.
             Killed from afar by Sigmund (5 damage)
             ... with a puff of flame
             ... in the Dungeon (Sprint I: "Red Sonja").
             The game lasted 00:02:03 (382 turns).

Kidiri the Covert (Spriggan Enchanter)               Turns: 382, Time: 00:02:03

Health: -2/21      AC:  3    Str:  4    XL:     4   Next: 76%
Magic:  8/12       EV: 23    Int: 16    God:
Gold:   54         SH:  0    Dex: 17    Spells: 5 memorised, 2 levels left

rFire  . . .     SeeInvis +     a - +1 dagger
rCold  . . .     Clarity  .     b - +1 robe
rNeg   . . .     SustAt   .     (shield restricted)
rPois  .         Gourm    .     (helmet restricted)
rElec  .         Spirit   .     (no cloak)
rCorr  .         Warding  .     (gloves unavailable)
rMut   .         NoTele   +     (boots unavailable)
MR     .....                    (no amulet)
Stlth  +++++.....               (no ring)
                                (no ring)

@: very quick, not resistant to hostile enchantments, quite stealthy
A: unfitting armour, see invisible, herbivore 3, speed 3, slow metabolism 2
a: no special abilities


You were in the Dungeon.
You were not hungry.

You visited 1 branch You collected 54 gold pieces.

Inventory:

Hand weapons
 a - a +1 dagger (weapon)
Armour
 b - a +1 robe (worn)
Scrolls
 j - a scroll of blinking
Potions
 f - a potion of heal wounds
 g - a potion of haste
 h - 2 potions of magic
 i - a potion of berserk rage
Books
 c - a book of Maledictions

   Spells                             Type                      Level
   a - Corona                         Hexes                        1
   b - Ensorcelled Hibernation        Hexes/Ice                    2
   c - Confuse                        Hexes                        3
   d - Tukima's Dance                 Hexes                        3
   e - Dazzling Spray                 Conjuration/Hexes            3
Comestibles
 d - a bread ration


   Skills:
 + Level 3.6 Short Blades
 * Level 7.4 Dodging
 * Level 8.6 Stealth
 * Level 5.5 Spellcasting
 + Level 0.0 Conjurations
 + Level 5.3 Hexes
 + Level 1.7 Ice Magic


You had 2 spell levels left.
You knew the following spells:

 Your Spells              Type           Power        Failure   Level  Hunger
a - Corona                Hex            ###....      1%          1    None
b - Ensorcelled Hibernat  Hex/Ice        ###...       8%          2    #......
c - Confuse               Hex            ###.....     6%          3    ###....
d - Tukima's Dance        Hex            ###.....     6%          3    ###....
e - Dazzling Spray        Conj/Hex       ##......     14%         3    ###....


Dungeon Overview and Level Annotations

Branches:
Dungeon (1/1)

Altars:

Annotations:
D Sigmund


Innate Abilities, Weirdness & Mutations

You are tiny and cannot use many weapons and most armour.
You have supernaturally acute eyesight.
You are a herbivore.
You cover ground extremely quickly.
You need consume almost no food.


Message History

The magic dart hits you!
Casting: Corona
Confirm with . or Enter, or press ? or * to list all spells.
Aiming: Ensorcelled Hibernation
Press: ? - help, Shift-Dir - straight line, f - Sigmund
Aim: Sigmund, wielding a scythe and wearing a robe (chance to defeat MR: 54%) Sigmund resists with significant effort.
Sigmund is nearby!
Casting: Ensorcelled Hibernation
Confirm with . or Enter, or press ? or * to list all spells.
Aiming: Ensorcelled Hibernation
Press: ? - help, Shift-Dir - straight line, f/p - Sigmund
Aim: Sigmund, wielding a scythe and wearing a robe (chance to defeat MR: 54%) Sigmund resists with significant effort.
Sigmund hits you from afar with a scythe!
Ouch! That really hurt!
* * * LOW HITPOINT WARNING * * *
Sigmund casts a spell at you. The puff of flame hits you!
You die...

########## ##
#<.#..@..#..+
#..'..#..'@.#
#..#####+####
#..# #..#
#..# ####
#.)# #⌠⌠#
####


You could see Sigmund.

Vanquished Creatures
  An ogre (D)
  Ijyb (D)
2 creatures vanquished.

Vanquished Creatures (others)
  A gargoyle (D)
1 creature vanquished.

Grand Total: 3 creatures vanquished

Notes
Turn   | Place    | Note
--------------------------------------------------------------
     0 | D        | Kidiri the Spriggan Enchanter began the quest for the Orb.
     0 | D        | Reached XP level 1. HP: 9/9 MP: 5/5
     2 | D        | Noticed Ijyb
    29 | D        | Killed Ijyb
    29 | D        | Reached skill level 5 in Dodging
    29 | D        | Reached skill level 6 in Stealth
    29 | D        | Reached XP level 2. HP: 11/13 MP: 4/7
    33 | D        | Learned a level 2 spell: Ensorcelled Hibernation
    69 | D        | Noticed an ogre
    88 | D        | Killed an ogre
    88 | D        | Reached skill level 7 in Dodging
    88 | D        | Reached skill level 8 in Stealth
    88 | D        | Reached skill level 5 in Spellcasting
    88 | D        | Reached skill level 5 in Hexes
    88 | D        | Reached skill level 1 in Ice Magic
    88 | D        | Reached XP level 3. HP: 2/16 MP: 1/11
    88 | D        | Reached XP level 4. HP: 2/21 MP: 1/12
    95 | D        | Learned a level 3 spell: Confuse
    99 | D        | Learned a level 3 spell: Tukima's Dance
   103 | D        | Learned a level 3 spell: Dazzling Spray
   252 | D        | Killed a gargoyle
   378 | D        | Noticed Sigmund
   382 | D        | Killed from afar by Sigmund

Vault maps used:
D:        dungeon_sprint_1

Action                   |  1- 3 |  4- 6 || total
-------------------------+-------+-------++-------
Melee: Dagger            |    24 |       ||    24
 Cast: Corona            |     4 |       ||     4
       Ensorcelled Hiber |     3 |     2 ||     5
  Use: Potion            |     1 |       ||     1
 Stab: Sleeping          |     1 |       ||     1
